 Dungeon Crawl Stone Soup version 0.31.0-12-g77e489cdc1 (webtiles) character file.

Game seed: 5996154381506565601

6347 Silvore the Basher (level 10, -23/88 HPs)
             Began as a Minotaur Fighter on Mar 7, 2024.
             Was a Priest of the Shining One.
             Annihilated by a boulder beetle (40 damage)
             ... on level 9 of the Dungeon.
             The game lasted 00:11:33 (7643 turns).

Silvore the Basher (Minotaur Fighter)               Turns: 7643, Time: 00:11:33

Health: -23/88     AC: 17    Str: 25    XL:     10   Next: 65%
Magic:  9/9        EV:  8    Int:  5    God:    the Shining One [***...]
Gold:   217        SH:  5    Dex: 10    Spells: 9/9 levels left

rFire   . . .        r - +2 hammer (protect)
rCold   . . .        c - +0 buckler
rNeg    + . .        f - +1 plate armour
rPois   +            D - +0 hat {SInv}
rElec   .            s - +0 cloak
rCorr   .            (no gloves)
SInv    +            (no boots)
Will    .....        (no amulet) Stlth
                     j - ring of poison resistance
HPRegen 0.34/turn    p - ring of flight
MPRegen 0.11/turn

%: no passive effects
@: flying, glowing
A: horns 2, retaliatory headbutt
a: Renounce Religion, Divine Shield, Cleansing Flame


You were on level 9 of the Dungeon.
You worshipped the Shining One.
The Shining One was most pleased with you.
You visited 2 branches of the dungeon, and saw 10 of its levels.

You collected 601 gold pieces.
You spent 105 gold pieces at shops.
You donated 279 gold pieces to Zin.

Inventory:

Hand Weapons
 a - a +0 flail
 r - a +2 hammer of protection (weapon)
 E - a -1 demon whip of venom
 F - a +0 morningstar
Armour
 b - a +0 scale mail
 c - a +0 buckler (worn)
 f - a +1 plate armour (worn)
 s - a +0 cloak (worn)
 D - a +0 hat of see invisible (worn)
Jewellery
 j - a ring of poison resistance (left hand)
 k - a ring of wizardry
 p - a ring of flight (right hand)
 u - a +6 ring of intelligence
 w - an amulet of magic regeneration
 B - a ring of fire
Wands
 o - a wand of mindburst (27)
 y - a wand of acid (12)
 z - a wand of flame (14)
Scrolls
 d - a scroll of immolation
 e - 2 scrolls of poison
 i - 2 scrolls of teleportation
 l - 3 scrolls of revelation
 m - 2 scrolls of fear
 q - a scroll of vulnerability
 t - 3 scrolls of amnesia {unknown}
 v - 2 scrolls of noise
 x - 3 scrolls of fog
 G - a scroll of identify
Potions
 g - 3 potions of curing
 h - 2 potions of mutation
 n - 2 potions of degeneration
 A - 2 potions of haste
 C - a potion of enlightenment


   Skills:
 + Level 7.7 Fighting
 + Level 12.2 Maces & Flails
 + Level 11.6 Armour
 + Level 2.7 Dodging
 + Level 0.6 Stealth
 + Level 8.1 Shields


You had 9 spell levels left.
You didn't know any spells.
Your spell library contained the following spells:

 Spells                   Type           Power      Damage    Failure   Level
 Sandblast                Erth           0%         2d4       99%         1
 Ensorcelled Hibernation  Hex/Ice        0%         N/A       100%        2
 Lesser Beckoning         Tloc           0%         N/A       100%        2
 Static Discharge         Conj/Air       0%         3-3/arc   100%        2
 Gell's Gravitas          Tloc           0%         N/A       100%        3
 Passwall                 Erth           0%         N/A       100%        3
 Stone Arrow              Conj/Erth      0%         3d7       100%        3
 Swiftness                Air            0%         N/A       100%        3
 Teleport Other           Tloc           0%         N/A       100%        3
 Airstrike                Air            0%         2d(0-16)  100%        4
 Brom's Barrelling Bould  Conj/Erth      0%         2d3       100%        4
 Summon Lightning Spire   Summ/Air       0%         N/A       100%        4


Dungeon Overview and Level Annotations

Branches:
Dungeon (9/15)             Temple (1/1) D:7            Lair (0/5) D:9
    Orc: D:9-12

Altars:
Ashenzari
Cheibriados
Dithmenos
Elyvilon
Fedhas
Gozag
Hepliaklqana
Kikubaaqudgha
Makhleb
Nemelex Xobeh
Okawaru
Qazlal
Ru
Sif Muna
Trog
Uskayaw
Vehumet
Wu Jian
Xom
Yredelemnul
Zin
The Shining One

Shops:
D:7 *


Innate Abilities, Weirdness & Mutations

You have a pair of horns on your head.
You reflexively headbutt those who attack you in melee.


Message History

The boulder beetle stops rolling and uncurls.
You hit the boulder beetle.
The boulder beetle is lightly wounded.
You hit the boulder beetle but do no damage.
The boulder beetle is lightly wounded.
The boulder beetle bites you.
You hit the boulder beetle but do no damage.
You headbutt the boulder beetle.
The boulder beetle is lightly wounded.
The boulder beetle leaps!
The boulder beetle curls into a ball and begins rolling!
You sock the boulder beetle!
The boulder beetle is moderately wounded.
The boulder beetle hits you!
The boulder beetle stops rolling and uncurls.
You hit the boulder beetle but do no damage.
You headbutt the boulder beetle, but do no damage.
The boulder beetle is moderately wounded.
The boulder beetle bites you.
You sock the boulder beetle!
You headbutt the boulder beetle, but do no damage.
The boulder beetle is heavily wounded.
The boulder beetle bites you!
* * * LOW HITPOINT WARNING * * *
You hit the boulder beetle. You headbutt the boulder beetle.
The boulder beetle is heavily wounded.
You thump the boulder beetle! You headbutt the boulder beetle.
The boulder beetle is severely wounded.
The boulder beetle bites you!
* * * LOW HITPOINT WARNING * * *
You hit the boulder beetle but do no damage.
The boulder beetle is severely wounded.
The boulder beetle bites you but does no damage.
You hit the boulder beetle but do no damage.
The boulder beetle is severely wounded.
The boulder beetle leaps!
The boulder beetle curls into a ball and begins rolling!
You see here a human corpse.
The boulder beetle hits you!!!
You die...

.# #.#.....#..
....# .#
#.#...#.####
#### .#
#.#...#.# .#
#.#.#.#.# .#
#.###.#.# # .#
#.#
..#.#####.# .#
#.#
###.......# .#
#.# ###..####
.# #.#
##@#########.#
.# #.#
#.B○°.......#
.# #.#
#....°.!....#
.# #.#
#...........#
.######.#
#############
........#
#########


You could see a boulder beetle (rolling).

Vanquished Creatures
  2 two-headed ogres
  Amaemon (D:9)
  The ghost of hawla the Nimble, a novice DECj (D:7)
  Joseph (D:9)
  An orange demon (D:9)
  Maggie (D:7)
  A komodo dragon (D:9)
  A hornet (D:8)
  Sigmund (D:5)
  Eustachio (D:4)
  A yak (D:9)
  A steam dragon (D:6)
  A water moccasin (D:8)
  2 orc warriors
  2 sky beasts
  An ogre (D:6)
  2 centaurs
  A kobold brigand (D:8)
  A phantom (D:5)
  3 bullfrogs
  2 scorpions (D:9)
  A gnoll sergeant (D:9)
  5 wights (D:8)
  2 howler monkeys
  2 bombardier beetles
  Crazy Yiuf (D:3)
  A hound (D:5)
  An orc priest (D:8)
  A sleepcap (D:7)
  2 gnoll boudas
  3 iguanas
  6 orc wizards
  13 gnolls
  6 adders
  2 ufetubi (D:6)
  2 dart slugs
  18 orcs
  3 endoplasms
  4 giant cockroaches
  7 hobgoblins
  5 jackals (D:1)
  3 quokkas
  4 ball pythons
  6 bats
  A frilled lizard (D:2)
  6 goblins
  9 kobolds
  4 rats
146 creatures vanquished.

Notes
Turn   | Place    | Note
-------+----------+-------------------------------------------
     0 | D:1      | Silvore the Minotaur Fighter began the quest for the Orb.
     0 | D:1      | Reached XP level 1. HP: 19/19 MP: 0/0
   144 | D:1      | Reached XP level 2. HP: 25/27 MP: 1/1
   733 | D:2      | Reached XP level 3. HP: 31/33 MP: 2/2
  1525 | D:3      | Found a hazy altar of Hepliaklqana.
  1581 | D:3      | Reached skill level 3 in Maces & Flails
  1581 | D:3      | Reached XP level 4. HP: 34/40 MP: 3/3
  1666 | D:3      | Found an iron altar of Okawaru.
  1761 | D:3      | Noticed an angel
  1763 | D:3      | Found a shimmering altar of Xom.
  1764 | D:3      | Found a glowing silver altar of Zin.
  1789 | D:3      | Became a worshipper of Zin the Law-Giver
  1789 | D:3      | Reached * piety under Zin
  1790 | D:3      | Donated 91 gold pieces to Zin
  1854 | D:3      | Reached skill level 5 in Armour
  1871 | D:3      | Found a faded altar of an unknown god.
  2069 | D:3      | Found a runed translucent door.
  2070 | D:3      | Noticed Crazy Yiuf
  2246 | D:3      | Paralysed by Crazy Yiuf for 1 turns
  2250 | D:3      | Killed Crazy Yiuf
  2251 | D:3      | Reached XP level 5. HP: 27/47 MP: 4/4
  2417 | D:4      | Reached skill level 1 in Dodging
  2419 | D:4      | Noticed Eustachio
  2439 | D:4      | Killed Eustachio
  2440 | D:4      | Reached skill level 4 in Maces & Flails
  2440 | D:4      | Reached XP level 6. HP: 41/53 MP: 5/5
  2952 | D:4      | Found a shadowy altar of Dithmenos.
  3130 | D:5      | Entered Level 5 of the Dungeon
  3144 | D:5      | Reached skill level 5 in Maces & Flails
  3256 | D:5      | Reached ** piety under Zin
  3355 | D:5      | Reached skill level 6 in Maces & Flails
  3355 | D:5      | Reached XP level 7. HP: 60/60 MP: 6/6
  3445 | D:5      | Noticed Sigmund
  3460 | D:5      | Killed Sigmund
  3662 | D:6      | Reached skill level 7 in Maces & Flails
  4029 | D:6      | Reached skill level 5 in Shields
  4036 | D:6      | Reached *** piety under Zin
  4045 | D:6      | Found a hide-covered altar of Uskayaw.
  4045 | D:6      | Noticed a +0 dagger
  4045 | D:6      | Noticed a +0 spear
  4045 | D:6      | Noticed a +0 short sword
  4046 | D:6      | Noticed a +0 falchion
  4047 | D:6      | Noticed a +0 short sword
  4047 | D:6      | Noticed a +0 dagger
  4048 | D:6      | Noticed a +0 falchion
  4049 | D:6      | Noticed a +0 spear
  4371 | D:6      | Reached XP level 8. HP: 67/67 MP: 7/7
  4377 | D:6      | Donated 143 gold pieces to Zin
  4584 | D:6      | Reached skill level 5 in Fighting
  4611 | D:7      | Noticed Maggie
  4625 | D:7      | Killed Maggie
  4626 | D:7      | Reached skill level 8 in Maces & Flails
  4717 | D:7      | Reached **** piety under Zin
  4791 | D:7      | Found a staircase to the Ecumenical Temple.
  4817 | D:7      | Found Zodwy's Assorted Antiques.
  4831 | Temple   | Entered the Ecumenical Temple
  4837 | Temple   | Fell from the grace of Zin
  4837 | Temple   | Became a worshipper of the Shining One
  4837 | Temple   | Reached * piety under the Shining One
  4837 | Temple   | Reached ** piety under the Shining One
  4896 | D:7      | Bought a dented peridot amulet for 105 gold pieces
  4932 | D:7      | Found a runed translucent door.
  4932 | D:7      | Noticed hawla's ghost (novice DECj)
  4932 | D:7      | Noticed a two-headed ogre
  4952 | D:7      | Killed hawla's ghost
  4953 | D:7      | Reached skill level 9 in Maces & Flails
  4953 | D:7      | Reached XP level 9. HP: 74/74 MP: 8/8
  4955 | D:7      | Killed a two-headed ogre
  4956 | D:7      | Reached skill level 10 in Maces & Flails
  5165 | D:7      | Found a snail-covered altar of Cheibriados.
  5169 | D:7      | Identified the +2 helmet of Midwinter {+Inv rF+ Will+
                  | Str+4}
  5357 | D:7      | Reached skill level 10 in Armour
  6056 | D:8      | Reached skill level 11 in Maces & Flails
  6403 | D:8      | Reached XP level 10. HP: 84/84 MP: 9/9
  6639 | D:9      | Found a staircase to the Lair.
  6651 | D:9      | HP: 1/84 [komodo dragon (23)]
  6655 | D:9      | The Shining One protects you from harm!
  6932 | D:9      | Noticed a two-headed ogre
  6942 | D:9      | Killed a two-headed ogre
  7036 | D:9      | Noticed Amaemon
  7037 | D:9      | Noticed an orange demon
  7060 | D:9      | Killed Amaemon
  7060 | D:9      | Reached *** piety under the Shining One
  7061 | D:9      | Reached skill level 12 in Maces & Flails
  7072 | D:9      | Killed an orange demon
  7248 | D:9      | Noticed Joseph
  7259 | D:9      | Killed Joseph
  7620 | D:9      | Noticed a boulder beetle
  7643 | D:9      | Annihilated by a boulder beetle

Illustrated notes

Levels and vault maps discovered:
D:1:      amcnicky_arrival_choice, layout_loops_cross
D:2:      layout_basic
D:3:      layout_basic, nicolae_overflow_crystal_walls,
          grunt_temple_overflow_order_and_chaos_1, kennysheep_okawaru_gauntlet,
          shapermc_ecumenical_altar_ellora, uniq_crazy_yiuf_cottage
D:4:      layout_loops_ring, grunt_dithmenos_smoke_and_mirrors, uniq_eustachio
D:5:      layout_rooms, uniq_sigmund
D:6:      layout_loops_ring, nicolae_uskayaw_en_pointe, grunt_decor_resistance,
          lightli_orcish_oven
D:7:      layout_layer_cave, lemuel_doored_altar, minmay_temple_entry_grid,
          serial_shops, shop, ebering_ghost_inner_flame, uniq_maggie
D:8:      layout_basic
D:9:      layout_basic, grunt_lair_entry_orc_guard_hut, nzn_sisyphean_effort,
          uniq_amaemon, uniq_joseph
Temple:   hellmonk_temple_two_chambers

Skill      XL: |  1  2  3  4  5  6  7  8  9 10 |
---------------+-------------------------------+-----
Armour         | 4 5 6 7 9 10 11 | 11.6
Shields        | 4 5 6 7 8 |  8.1
Fighting       | 4 5 6 7 |  7.7
Maces & Flails | 3 4 6 7 9 11 12 | 12.2
Dodging        | 1 2 |  2.7
Stealth        | |  0.6

Action                     |  1- 3 |  4- 6 |  7- 9 | 10-12 || total
---------------------------+-------+-------+-------+-------++-------
  Melee: Flail             |    76 |    30 |       |       ||   106
         Headbutt          |     8 |    13 |    49 |    33 ||   103
         Mace              |       |    54 |   182 |    87 ||   323
 Invoke: Donate Gold       |       |     1 |     1 |       ||     2
    Use: Scroll            |     7 |     4 |     3 |     2 ||    16
         Potion            |       |       |     2 |     3 ||     5
 Armour: Scale mail        |    55 |       |       |       ||    55
         Plate armour      |    21 |    75 |   179 |   104 ||   379
  Dodge: Dodged            |    53 |    23 |    70 |    39 ||   185
  Block: Buckler           |    24 |    19 |    45 |    23 ||   111
